 Dungeon Crawl Stone Soup version 0.32-a0-931-g5a2cda0630 (webtiles) character file.

Game seed: 7336750274994614425

362 Decritt the Trooper (level 6, -5/40 HPs)
             Began as a Gargoyle Fighter on Apr 13, 2024.
             Incinerated by a bombardier beetle (7 damage)
             ... with a burning spray
             ... on level 3 of the Dungeon.
             The game lasted 00:03:52 (2144 turns).

Decritt the Trooper (Gargoyle Fighter)              Turns: 2144, Time: 00:03:53

Health: -5/40      AC: 12    Str: 21    XL:     6   Next: 66%
Magic:  6/6        EV:  8    Int:  9    God:
Gold:   172        SH:  4    Dex:  9    Spells: 5/5 levels left

rFire   . . .        a - +0 flail
rCold   . . .        c - +0 buckler
rNeg    + . .        b - +0 scale mail
rPois   ∞            j - +0 helmet
rElec   +            (no cloak)
rCorr   .            (no gloves)
SInv    .            (no boots)
Will    .....        (no amulet) Stlth
                     (no ring)
HPRegen 0.26/turn    (no ring)
MPRegen 0.10/turn

%: no passive effects
@: on fire, glowing
A: sickness immunity, AC +4, negative energy resistance 1, electricity
resistance, torment resistance 1, petrification resistance
a: no special abilities


You were on level 3 of the Dungeon.
You visited 1 branch of the dungeon, and saw 3 of its levels.

You collected 172 gold pieces.

Inventory:

Hand Weapons
 a - a +0 flail (weapon)
Armour
 b - a +0 scale mail (worn)
 c - a +0 buckler (worn)
 j - a +0 helmet (worn)
Wands
 f - a wand of digging (5)
Scrolls
 g - a scroll of identify {unknown}
 h - 2 scrolls of teleportation {unknown}
 i - 2 scrolls of revelation {unknown}
 k - a scroll of brand weapon {unknown}
Potions
 d - 2 potions of might
 e - a potion of cancellation {unknown}
 l - a potion of heal wounds {unknown}


   Skills:
 * Level 5.3 Fighting
 * Level 4.2 Maces & Flails
 + Level 4.3 Armour
 + Level 4.4 Shields


You had 5 spell levels left.
You didn't know any spells.
Your spell library contained the following spells:

 Spells                   Type           Power      Damage    Failure   Level
 Apportation              Tloc           0%         N/A       78%         1
 Necrotise                Necr           0%         1d4       78%         1
 Sting                    Conj/Alch      0%         1d3       78%         1
 Summon Small Mammal      Summ           0%         N/A       78%         1


Dungeon Overview and Level Annotations

Branches:
Dungeon (3/15)

Altars:
The Shining One


Innate Abilities, Weirdness & Mutations

You are immune to sickness and miasma.
Your stone body is resilient. (AC +4)
You are immune to poison.
You resist negative energy. (rN+)
You are resistant to electric shocks. (rElec)
You are resistant to unholy torment.
You are immune to petrification.


Message History

Moving in this stuff is going to be slow.
A bombardier beetle comes into view.
The bombardier beetle sprays incendiary fluid at you.
The burning spray hits you.
You are covered in liquid fire!
You shake off some of the fire as you move.
The liquid fire burns you!
You shake off some of the fire as you move.
The liquid fire burns you!
The bombardier beetle sprays incendiary fluid at you.
The burning spray hits you.
You are even more covered in liquid fire!
You shake off some of the fire as you move.
The liquid fire burns you!
You closely miss the bombardier beetle. The liquid fire burns you!
The bombardier beetle barely misses you.
You barely miss the bombardier beetle. The liquid fire burns you!
* * * LOW HITPOINT WARNING * * *
You block the bombardier beetle's attack.
You hit the bombardier beetle.
The bombardier beetle is heavily wounded.
The liquid fire burns you!
* * * LOW HITPOINT WARNING * * *
The bombardier beetle bites you but does no damage.
You barely miss the bombardier beetle.
The bombardier beetle is heavily wounded.
The liquid fire burns you!
* * * LOW HITPOINT WARNING * * *
You completely miss the bombardier beetle.
The bombardier beetle is heavily wounded.
The liquid fire burns you!
* * * LOW HITPOINT WARNING * * *
The bombardier beetle bites you.
* * * LOW HITPOINT WARNING * * *
You sock the bombardier beetle!
You kill the bombardier beetle!
The liquid fire burns you!
You die...

.....##.......)####.######
.....#..###..#...........#
.......## ##.#...........#
......######.............#
[....<÷....###...........#
.......###..##...........#
####...####..........>...#
####....#####............#
..###.#.........@........#
#...#....###.#..†........#
###.#....# #.............#
#.#....####..##..#.######
#.......# #..##.##......##
#####.....###..#..#...<....##
............................#
.####....#.#................#
.................#[.........#


There were no monsters in sight!

Vanquished Creatures
  Sigmund (D:2)
  A bombardier beetle (D:3)
  An orc priest (D:2)
  2 iguanas (D:3)
  Robin (D:2)
  3 adders
  3 dart slugs
  A ribbon worm (D:2)
  2 orcs (D:2)
  6 bats
  7 endoplasms
  A giant cockroach (D:2)
  11 goblins
  10 hobgoblins
  2 jackals (D:1)
  2 quokkas
  A ball python (D:1)
  4 frilled lizards
  5 kobolds
  9 rats
73 creatures vanquished.

Notes
Turn   | Place    | Note
-------+----------+-------------------------------------------
     0 | D:1      | Decritt the Gargoyle Fighter began the quest for the Orb.
     0 | D:1      | Reached XP level 1. HP: 14/14 MP: 1/1
    80 | D:1      | Reached XP level 2. HP: 17/19 MP: 2/2
   404 | D:1      | Reached XP level 3. HP: 24/24 MP: 3/3
   631 | D:2      | Noticed Robin
   652 | D:2      | Killed Robin
   653 | D:2      | Reached skill level 4 in Fighting
   846 | D:2      | Reached XP level 4. HP: 29/29 MP: 4/4
   993 | D:2      | Noticed Sigmund
  1009 | D:2      | Killed Sigmund
  1010 | D:2      | Reached XP level 5. HP: 27/34 MP: 5/5
  1010 | D:2      | Reached XP level 6. HP: 32/40 MP: 6/6
  1041 | D:2      | Reached skill level 5 in Fighting
  1984 | D:3      | Found a glowing golden altar of the Shining One.
  2143 | D:3      | HP: 2/40 [bombardier beetle (4)]
  2144 | D:3      | Incinerated by a bombardier beetle

Illustrated notes

Levels and vault maps discovered:
D:1:      spicycebolla_arrival_clurvy, layout_basic, corexii_hall_statues_u
D:2:      layout_loops_corners, st_stairs_1, uniq_robin, uniq_sigmund
D:3:      layout_rooms, lemuel_tele_altar,
          mainiacjoe_overflow_concentric_impassable, serial_bayou_pond_d

Skill      XL: |  1  2  3  4  5  6 |
---------------+-------------------+-----
Fighting       | 4 5 |  5.3
Maces & Flails | 3 4 |  4.2
Armour         | 4 |  4.3
Shields        | 4 |  4.4

Action                     |  1- 3 |  4- 6 || total
---------------------------+-------+-------++-------
  Melee: Flail             |    73 |   137 ||   210
 Armour: Scale mail        |    54 |    80 ||   134
  Dodge: Dodged            |    41 |    52 ||    93
  Block: Buckler           |    18 |    30 ||    48

Table legend: (Time is in decaauts)
 A = Elapsed time spent in this place.
 B = Non-inter-level travel time spent in this place.
 C = Inter-level travel time spent in this place.
 D = Time resting spent in this place.
 E = Time spent auto-exploring this place.
 F = Levels seen in this place.
 G = Mean time per level.
                   A        B        C        D        E       F      G
               +--------+--------+--------+--------+--------+-----+--------+
         Total |   2200 |   2140 |     60 |    265 |   1345 |   3 |  733.3 |
       Dungeon |   2200 |   2140 |     60 |    265 |   1345 |   3 |  733.3 |
               +--------+--------+--------+--------+--------+-----+--------+

Top non-repeatable levels by time:
     D:2: 1189 daAuts
     D:1: 583 daAuts
     D:3: 427 daAuts
